 Dungeon Crawl Stone Soup version 0.24.0-123-gd5b16e6ec5 (webtiles) character file.

Game seed: 17780009365752446522, levelgen mode: deterministic

84273 FishyPogo the Thaumaturge (level 15, -4/115 HPs)
             Began as a Gnoll Skald on Dec 28, 2019.
             Was a High Priest of Ru.
             Slain by a tarantella (7 damage)
             ... on level 2 of the Spider Nest.
             The game lasted 02:29:22 (22259 turns).

FishyPogo the Thaumaturge (Gnoll Skald)            Turns: 22259, Time: 02:29:23

Health: -4/115     AC: 10    Str: 18    XL:     15   Next: 79%
Magic:  24/29      EV: 13    Int: 17    God:    Ru [*****.]
Gold:   1623       SH: 10    Dex: 17    Spells: 18/34 levels left

rFire    + . .     SeeInvis .   a - +5 falchion "Jellybane" {speed, rElec rPois}
rCold    + . .     Gourm    .   O - +3 warlock's mirror {reflect}
rNeg     + . .     Faith    .   s - +2 chain mail {rC+}
rPois    +         Spirit   .   X - +2 helmet
rElec    +         Reflect  +   E - +0 cloak
rCorr    +         Harm     .   H - +1 pair of gloves
MR       +++..                  Q - +0 pair of boots "Vytifuuc" {MR++ Dex+4 Slay+3}
Stlth    ..........             I - amulet of regeneration
HPRegen  0.69/turn              i - ring of positive energy
MPRegen  0.21/turn              p - ring of resist corrosion

@: exhausted, singing, corroded, very slightly contaminated, studying Ice Magic
A: distributed training, fangs 2, clumsy 1, fire resistance 1, no stealth,
inability to use devices, unskilled 1, strong nose
a: Draw Out Power, Power Leap, Apocalypse, Renounce Religion


You were on level 2 of the Spider Nest.
You worshipped Ru.
Ru was extremely pleased with you.
You were not hungry.

You visited 5 branches of the dungeon, and saw 25 of its levels.
You also visited: Sewer and Ice Cave.

You collected 2264 gold pieces.
You spent 641 gold pieces at shops.

Inventory:

Hand Weapons
 a - the +5 falchion "Jellybane" (weapon) {speed, rElec rPois}
   (You found it on level 2 of the Lair of Beasts)

   Attacks with this weapon are significantly faster.
   It insulates you from electricity.
   It protects you from poison.
 b - a +1 hand axe of flaming
 u - a +2 flail of holy wrath
 w - a +3 long sword of holy wrath
 x - a +6 war axe
Missiles
 A - 6 throwing nets
 G - an atropa-tipped dart
 L - 76 boomerangs (quivered)
 U - 2 javelins
 W - 31 poisoned darts
 Y - 2 curare-tipped darts
Armour
 c - a +2 hat
 k - a +8 plate armour of ponderousness
 s - a +2 chain mail of cold resistance (worn)
 E - a +0 cloak (worn)
 H - a +1 pair of gloves (worn)
 O - the +3 warlock's mirror (worn) {reflect}
   (You found it on level 13 of the Dungeon)
 Q - the +0 pair of boots "Vytifuuc" (worn) {MR++ Dex+4 Slay+3}
   (You found it on level 8 of the Dungeon)

   It affects your dexterity (+4).
   It affects your accuracy and damage with ranged weapons and melee attacks
   (+3).
   It affects your resistance to hostile enchantments.
 X - a +2 helmet (worn)
Jewellery
 f - a +5 ring of strength
 i - a ring of positive energy (left hand)
 p - a ring of resist corrosion (right hand)
 y - a +3 amulet of reflection
 z - an uncursed ring of ice
 C - an uncursed ring of fire
 I - an amulet of regeneration (around neck)
 T - an uncursed ring of protection from cold
Scrolls
 e - a scroll of torment
 g - 4 scrolls of blinking
 n - 3 scrolls of remove curse
 o - 4 scrolls of enchant armour
 q - 6 scrolls of magic mapping
 r - 6 scrolls of teleportation
 D - 6 scrolls of identify
 K - 2 scrolls of fear
 P - a scroll of enchant weapon
Potions
 h - a potion of ambrosia
 j - a potion of flight
 l - 3 potions of might
 v - 6 potions of brilliance
 B - 2 potions of agility
 F - 4 potions of lignification
 J - 3 potions of invisibility
 M - 2 potions of curing
 N - a potion of resistance
 R - a potion of magic
 S - a potion of haste
Books
 m - a manual of Ice Magic
 t - a manual of Ice Magic
Comestibles
 d - 40 rations
 Z - 4 chunks of flesh


   Skills:
 + Level 10.2 Fighting
 + Level 10.2 Short Blades
 + Level 9.3 Long Blades
 + Level 9.3 Axes
 + Level 9.3 Maces & Flails
 + Level 9.3 Polearms
 + Level 9.3 Staves
 + Level 9.3 Slings
 + Level 9.3 Bows
 + Level 9.3 Crossbows
 + Level 9.3 Throwing
 + Level 9.6 Armour
 + Level 10.2 Dodging
   Level 0.0 Stealth
 + Level 9.3 Shields
 + Level 9.3 Unarmed Combat
 + Level 10.3 Spellcasting
 + Level 7.8 Conjurations
 + Level 7.8 Hexes
 + Level 9.3 Charms
 + Level 7.8 Summonings
 + Level 7.8 Necromancy
 + Level 7.8 Translocations
 + Level 7.8 Transmutations
 + Level 7.8 Fire Magic
 + Level 9.4 Ice Magic
 + Level 7.8 Air Magic
 + Level 7.8 Earth Magic
 + Level 7.8 Poison Magic
 + Level 10.1 Invocations
   Level 0.0 Evocations


You had 18 spell levels left.
You knew the following spells:

 Your Spells              Type           Power        Failure   Level  Hunger
b - Static Discharge      Conj/Air       #####...     9%          3    None
h - Regeneration          Chrm/Necr      #####.....   6%          3    None
i - Infusion              Chrm           ####         1%          1    None
n - Spectral Weapon       Hex/Chrm       #####...     6%          3    None
p - Shroud of Golubria    Chrm/Tloc      #####.       3%          2    None
s - Swiftness             Chrm/Air       #####...     3%          2    None
u - Song of Slaying       Chrm           #####...     2%          2    None

Your spell library contained the following spells:

 Spells                   Type           Power        Failure   Level  Hunger
 Animate Skeleton         Necr           N/A          3%          1    None
 Confusing Touch          Hex            #####.       3%          1    None
 Flame Tongue             Conj/Fire      #####        3%          1    None
 Magic Dart               Conj           ####         3%          1    None
 Pain                     Necr           ####         3%          1    None
 Shock                    Conj/Air       ####         3%          1    None
 Summon Butterflies       Summ           #####...     3%          1    None
 Searing Ray              Conj           #####.       4%          2    None
 Throw Flame              Conj/Fire      #####.       4%          2    None
 Call Canine Familiar     Summ           #####...     9%          3    None
 Confuse                  Hex            #####...     9%          3    None
 Conjure Flame            Conj/Fire      #####...     9%          3    None
 Dazzling Spray           Conj/Hex       #####.       9%          3    None
 Gell's Gravitas          Tloc           #####.....   9%          3    None
 Inner Flame              Hex/Fire       #####...     9%          3    None
 Vampiric Draining        Necr           #####.....   9%          3    None
 Summon Ice Beast         Ice/Summ       #####...     22%         4    ###....
 Airstrike                Air            #####.....   28%         4    ###....
 Animate Dead             Necr           N/A          28%         4    ###....
 Force Lance              Conj/Tloc      #####...     28%         4    ###....
 Fulminant Prism          Conj/Hex       #####.....   28%         4    ###....
 Iskenderun's Mystic Bla  Conj           #####...     28%         4    ###....
 Petrify                  Tmut/Erth      #####...     28%         4    ###....
 Sticky Flame             Conj/Fire      #####...     28%         4    ###....
 Metabolic Englaciation   Hex/Ice        #####.....   52%         5    #####..
 Fireball                 Conj/Fire      #####.....   63%         5    #####..
 Lightning Bolt           Conj/Air       #####.....   63%         5    #####..
 Summon Mana Viper        Hex/Summ       #####...     63%         5    #####..
 Yara's Violent Unravell  Hex/Tmut       #####.....   63%         5    #####..
 Summon Hydra             Summ           #####.....   100%        7    #######


Dungeon Overview and Level Annotations

Branches:
Dungeon (14/15)            Temple (0/1) D:4            Lair (6/6) D:9
 Shoals (0/4) Lair:3       Spider (2/4) Lair:3        Slime (0/5) Lair:5
    Orc (2/2) D:9             Elf (1/3) Orc:2        Vaults (0/5) D:13
  Sewer (visited)           IceCv (visited)

Altars:
Ashenzari
Cheibriados
Elyvilon
Fedhas
Gozag
Kikubaaqudgha
Nemelex Xobeh
Okawaru
Qazlal
Ru
Sif Muna
Trog
Xom
Zin
The Shining One
Beogh
Jiyva

Shops:
D:5 =   D:9 (   D:10 :   Orc:2 (([(


Innate Abilities, Weirdness & Mutations

Your experience applies equally to all skills.
You have extremely sharp teeth.
You are clumsy. (Dex -2)
You cannot be stealthy.
You cannot study or use magical devices.
You are somewhat unskilled. (-1 Apt)
Your uncanny sense of smell can sniff out nearby items.
Your flesh is heat resistant. (rF+)


Message History

You feel better.
The redback bites you but does no damage.
The wolf spider hits you!
* * * LOW HITPOINT WARNING * * *
The wolf spider bites you but does no damage.
The jumping spider leaps!
The demonic crawler barely misses you. You block the demonic crawler's attack.
The demonic crawler barely misses you. The redback barely misses you.
You riposte.
You hit the redback.
You kill the redback!
The wolf spider hits you!
* * * LOW HITPOINT WARNING * * *
You block the wolf spider's attack.
The jumping spider begins to attack, but is stunned by your will!
Aiming: Power Leap
Press: ? - help, Dir - move target cursor A tarantella comes into view.
The tarantella hisses angrily.
You hear an angry hiss.
You hear a hideous shriek!
The tarantella bites you!
You die...

### # ..# ...
######..##...
#.<#.#.....## # ###
#....#s.....≈.#..##.#
#...@#s# ..##)...s...
##.s#≈# s.#....#>.(.
#ss#s###s.#..#####^.
..ss#.sysss....! ###
.....##sssas..... #
####...####ss##..! #
#... .s.# # # ###
.### # .. #


You could see 3 demonic crawlers, a wolf spider (blind), a jumping spider, 3
tarantellas and a redback.

Vanquished Creatures
  Nikola (Spider:1)
  Josephine (Orc:2)
  Erolcha (D:10)
  Harold (D:10)
  Erica (D:11)
  A catoblepas (Lair:6)
  Fannar (Lair:3)
  7 hydras
  3 two-headed ogres
  7 death yaks (Lair:6)
  2 orc high priests (Orc:2)
  A tengu warrior (D:12)
  6 wizards (D:13)
  A deep elf archer (D:13)
  4 orc knights
  A necromancer (IceCv)
  2 orb spiders (Spider:1)
  7 wolf spiders
  4 deep elf magi
  An orc sorcerer (Orc:2)
  An ugly thing (D:11)
  15 elephants
  5 black mambas
  2 cyclopes (D:12)
  A merfolk siren (Lair:3)
  An ice statue (IceCv)
  12 spiny frogs
  10 freezing wraiths (IceCv)
  8 komodo dragons
  2 demonic crawlers
  4 rime drakes
  4 yaktaurs (D:13)
  2 ice devils (Lair:2)
  A tengu conjurer (D:12)
  4 trolls
  8 jumping spiders
  A polar bear (Lair:6)
  A hornet (D:12)
  Grinder (D:6)
  3 slime creatures (D:11)
  13 dream sheep
  2 hippogriffs
  19 blink frogs
  Prince Ribbit (Lair:3)
  13 redbacks
  2 vampires
  7 tarantellas
  4 wyverns
  4 wraiths
  13 yaks
  2 chaos spawn (D:13)
  Grum (D:7)
  4 vampire mosquitoes (D:13)
  4 wargs
  13 water moccasins
  33 orc warriors
  11 porcupines
  A phantom (D:7)
  5 sky beasts
  4 necrophages
  8 ice beasts
  5 black bears
  9 ogres
  A boggart (D:13)
  17 wolves
  3 centaurs
  8 crocodiles
  Blork the orc (D:5)
  A big kobold (D:12)
  12 bullfrogs
  3 scorpions
  A wyvern skeleton (D:8)
  An elephant simulacrum (IceCv)
  2 swamp dragon simulacra (IceCv)
  13 howler monkeys
  8 wights
  3 electric eels
  6 crimson imps
  3 jellies
  3 centaur zombies
  4 draconian simulacra (IceCv)
  25 orc wizards
  2 centaur skeletons
  28 orc priests
  A gnoll shaman (D:8)
  7 hounds
  A bullfrog skeleton (D:4)
  Terence (D:2)
  4 iguanas
  13 worker ants
  A spriggan simulacrum (IceCv)
  4 troll simulacra (IceCv)
  A wolf simulacrum (IceCv)
  A killer bee zombie (D:8)
  2 centaur simulacra (IceCv)
  2 hound skeletons
  6 gnolls
  5 ogre simulacra (IceCv)
  5 river rats (Sewer)
  12 adders
  2 howler monkey skeletons
  4 naga simulacra (IceCv)
  4 shadow imps
  12 white imps (IceCv)
  An ooze (D:6)
  An adder zombie (D:7)
  4 adder skeletons
  4 worms
  4 dart slugs
  12 leopard geckos
  81 orcs
  7 giant cockroaches
  4 hobgoblins
  8 jackals
  4 quokkas
  5 ball pythons
  A ball python zombie (D:5)
  8 bats
  14 frilled lizards
  7 goblins
  9 kobolds
  2 quokka skeletons
  10 rats
  A plant (Lair:6)
737 creatures vanquished.

Vanquished Creatures (others)
  A two-headed ogre (D:8)
  A deep troll shaman (Lair:6)
  2 jumping spiders (Spider:1)
  A blink frog (Lair:5)
  A redback (Spider:1)
  An orc warrior (D:13)
  A gnoll (D:8)
  5 orcs
  3 fungi
  43 spectral weapons
59 creatures vanquished.

Grand Total: 796 creatures vanquished

Notes
Turn   | Place    | Note
-------+----------+-------------------------------------------
     0 | D:1      | FishyPogo the Gnoll Skald began the quest for the Orb.
     0 | D:1      | Reached XP level 1. HP: 20/20 MP: 6/6
    19 | D:2      | Found a sacrificial altar of Ru.
    27 | D:2      | Became a worshipper of Ru the Awakened
   103 | D:2      | Found a shattered altar of Ashenzari.
   186 | D:1      | Reached XP level 2. HP: 24/26 MP: 7/7
   309 | D:1      | Learned a level 2 spell: Song of Slaying
   312 | D:1      | Learned a level 2 spell: Shroud of Golubria
   885 | D:2      | Noticed Terence
   948 | D:2      | Found a sparkling altar of Nemelex Xobeh.
   967 | D:2      | Reached XP level 3. HP: 31/31 MP: 9/9
  1060 | D:2      | Reached skill level 5 in Spellcasting
  1099 | D:2      | Found a stormy altar of Qazlal.
  1099 | D:2      | Found a shimmering blue altar of Sif Muna.
  1100 | D:2      | Found a bloodstained altar of Trog.
  1331 | D:2      | Killed Terence
  1331 | D:2      | Reached skill level 1 in Long Blades
  1331 | D:2      | Reached skill level 1 in Axes
  1331 | D:2      | Reached skill level 1 in Maces & Flails
  1331 | D:2      | Reached skill level 1 in Polearms
  1331 | D:2      | Reached skill level 1 in Staves
  1331 | D:2      | Reached skill level 1 in Slings
  1331 | D:2      | Reached skill level 1 in Bows
  1331 | D:2      | Reached skill level 1 in Crossbows
  1331 | D:2      | Reached skill level 1 in Throwing
  1331 | D:2      | Reached skill level 1 in Stealth
  1331 | D:2      | Reached skill level 1 in Shields
  1331 | D:2      | Reached skill level 1 in Unarmed Combat
  1331 | D:2      | Reached skill level 1 in Invocations
  1331 | D:2      | Reached skill level 1 in Evocations
  1389 | D:3      | Reached XP level 4. HP: 38/38 MP: 3/11
  1509 | D:3      | Gained mutation: You cannot be stealthy. [Ru sacrifice]
  1786 | D:3      | Reached skill level 1 in Conjurations
  1786 | D:3      | Reached skill level 1 in Hexes
  1786 | D:3      | Reached skill level 1 in Summonings
  1786 | D:3      | Reached skill level 1 in Necromancy
  1786 | D:3      | Reached skill level 1 in Translocations
  1786 | D:3      | Reached skill level 1 in Transmutations
  1786 | D:3      | Reached skill level 1 in Fire Magic
  1786 | D:3      | Reached skill level 1 in Ice Magic
  1786 | D:3      | Reached skill level 1 in Air Magic
  1786 | D:3      | Reached skill level 1 in Earth Magic
  1786 | D:3      | Reached skill level 1 in Poison Magic
  2214 | D:4      | Reached XP level 5. HP: 43/43 MP: 9/12
  2221 | D:4      | Learned a level 3 spell: Regeneration
  2225 | D:4      | Learned a level 3 spell: Spectral Weapon
  2416 | D:4      | Found a glowing drain.
  2435 | Sewer    | Entered a sewer
  2543 | Sewer    | Reached XP level 6. HP: 44/50 MP: 7/13
  2905 | D:4      | Found a staircase to the Ecumenical Temple.
  2934 | D:4      | Found a white marble altar of Elyvilon.
  2934 | D:4      | Found an ancient bone altar of Kikubaaqudgha.
  3281 | D:4      | Reached skill level 5 in Fighting
  3281 | D:4      | Reached skill level 5 in Short Blades
  3281 | D:4      | Reached skill level 5 in Dodging
  3698 | D:5      | Entered Level 5 of the Dungeon
  3745 | D:5      | Noticed Blork the orc
  3764 | D:5      | Killed Blork the orc
  3764 | D:5      | Reached XP level 7. HP: 43/56 MP: 9/15
  3837 | D:5      | Gained mutation: You cannot study or use magical devices.
                  | [Ru sacrifice]
  3837 | D:5      | Reached * piety under Ru
  3837 | D:5      | Reached ** piety under Ru
  3837 | D:5      | Reached *** piety under Ru
  3841 | D:5      | Found Vaysiuceshu's Jewellery Emporium.
  4407 | D:5      | Found a blossoming altar of Fedhas.
  4672 | D:6      | Found a shimmering altar of Xom.
  4723 | D:6      | Found an opulent altar of Gozag.
  4846 | D:6      | Noticed Grinder
  4848 | D:6      | Paralysed by Grinder for 4 turns
  4864 | D:6      | Killed Grinder
  4864 | D:6      | Reached XP level 8. HP: 58/63 MP: 2/16
  5114 | D:6      | Found a glowing golden altar of the Shining One.
  5224 | D:5      | Found a snail-covered altar of Cheibriados.
  5330 | D:6      | Gained mutation: You are somewhat unskilled. (-1 Apt) [Ru
                  | sacrifice]
  5330 | D:6      | Reduced skill Spellcasting to level 5
  5330 | D:6      | Reduced skill Charms to level 5
  5330 | D:6      | Reached **** piety under Ru
  5330 | D:6      | Reached ***** piety under Ru
  5539 | D:7      | Reached XP level 9. HP: 43/68 MP: 7/17
  5868 | D:7      | Found a bloodstained altar of Trog.
  5900 | D:7      | Got a pearl-encrusted scale mail
  5911 | D:7      | Identified the cursed +0 scale mail of Masochism {rElec
                  | Dex+5} (You found it on level 7 of the Dungeon)
  6354 | D:8      | Noticed a two-headed ogre
  6368 | D:8      | Noticed Grum
  6492 | D:8      | Found an iron altar of Okawaru.
  6666 | D:7      | Killed Grum
  6666 | D:7      | Reached skill level 5 in Armour
  6666 | D:7      | Reached XP level 10. HP: 14/76 MP: 5/19
  6952 | D:8      | Killed a two-headed ogre
  6952 | D:8      | Reached skill level 5 in Invocations
  7057 | D:8      | Got a pair of dazzling boots
  7063 | D:8      | Identified the +0 pair of boots "Vytifuuc" {MR++ Dex+4
                  | Slay+3} (You found it on level 8 of the Dungeon)
  7149 | D:8      | Found a glowing silver altar of Zin.
  7382 | D:9      | Noticed a two-headed ogre
  7394 | D:9      | Killed a two-headed ogre
  7496 | D:9      | Found a staircase to the Lair.
  7517 | D:9      | Reached skill level 5 in Long Blades
  7517 | D:9      | Reached skill level 5 in Axes
  7517 | D:9      | Reached skill level 5 in Maces & Flails
  7517 | D:9      | Reached skill level 5 in Polearms
  7517 | D:9      | Reached skill level 5 in Staves
  7517 | D:9      | Reached skill level 5 in Slings
  7517 | D:9      | Reached skill level 5 in Bows
  7517 | D:9      | Reached skill level 5 in Crossbows
  7517 | D:9      | Reached skill level 5 in Throwing
  7517 | D:9      | Reached skill level 5 in Shields
  7517 | D:9      | Reached skill level 5 in Unarmed Combat
  7686 | D:9      | Noticed a two-headed ogre
  7695 | D:9      | Killed a two-headed ogre
  7701 | D:9      | Reached XP level 11. HP: 60/83 MP: 17/21
  7709 | D:9      | Found a staircase to the Orcish Mines.
  8100 | D:9      | Found Ysiedeh's Weapon Shoppe.
  8205 | D:10     | Entered Level 10 of the Dungeon
  8466 | D:10     | Noticed a two-headed ogre
  8469 | D:10     | Killed a two-headed ogre
  8566 | D:10     | Noticed Harold
  8574 | D:10     | Killed Harold
  8585 | D:10     | Noticed Erolcha
  8594 | D:10     | Killed Erolcha
  8601 | D:10     | Found Coxzyatt's Book Shop.
  8769 | D:5      | Bought an uncursed amulet of regeneration for 360 gold
                  | pieces
  9074 | D:11     | Noticed a seven-headed hydra
  9079 | D:11     | Noticed an eight-headed hydra
  9084 | D:11     | Killed a one-headed hydra
  9094 | D:11     | Killed a one-headed hydra
  9230 | D:11     | Noticed a white ugly thing
  9243 | D:11     | Killed a white ugly thing
  9243 | D:11     | Reached skill level 5 in Conjurations
  9243 | D:11     | Reached skill level 5 in Hexes
  9243 | D:11     | Reached skill level 5 in Summonings
  9243 | D:11     | Reached skill level 5 in Necromancy
  9243 | D:11     | Reached skill level 5 in Translocations
  9243 | D:11     | Reached skill level 5 in Transmutations
  9243 | D:11     | Reached skill level 5 in Fire Magic
  9243 | D:11     | Reached skill level 5 in Ice Magic
  9243 | D:11     | Reached skill level 5 in Air Magic
  9243 | D:11     | Reached skill level 5 in Earth Magic
  9243 | D:11     | Reached skill level 5 in Poison Magic
  9390 | D:11     | Reached XP level 12. HP: 73/91 MP: 13/23
  9634 | D:11     | Noticed Erica
 10028 | D:11     | Killed Erica
 10458 | Lair:1   | Entered Level 1 of the Lair of Beasts
 11169 | Lair:2   | Found a frozen archway.
 11191 | IceCv    | Entered an ice cave
 11484 | IceCv    | Gained mutation: Scrolls take you a little longer to read.
                  | [potion of mutation]
 11484 | IceCv    | Gained mutation: Your spells are a little harder to cast,
                  | but a little more powerful. [potion of mutation]
 11509 | IceCv    | Lost mutation: Your spells are a little harder to cast, but
                  | a little more powerful. [potion of mutation]
 11509 | IceCv    | Lost mutation: Scrolls take you a little longer to read.
                  | [potion of mutation]
 11509 | IceCv    | Gained mutation: You are covered in fur. (AC +1) [potion of
                  | mutation]
 11509 | IceCv    | Gained mutation: You have extremely sharp teeth. [potion of
                  | mutation]
 11509 | IceCv    | Lost mutation: You are covered in fur. (AC +1) [potion of
                  | mutation]
 11509 | IceCv    | Gained mutation: Your flesh is heat resistant. (rF+)
                  | [potion of mutation]
 11840 | IceCv    | Reached XP level 13. HP: 95/98 MP: 16/25
 11863 | IceCv    | Found an ancient bone altar of Kikubaaqudgha.
 12075 | Lair:2   | Gained mutation: You are clumsy. (Dex -2) [Ru sacrifice]
 12109 | Lair:2   | Got a faintly glowing falchion
 12110 | Lair:2   | Identified the +5 falchion "Jellybane" {speed, rElec rPois}
                  | (You found it on level 2 of the Lair of Beasts)
 12866 | Lair:3   | Found a hole to the Spider Nest.
 13167 | Lair:3   | Noticed Fannar
 13188 | Lair:3   | Killed Fannar
 13243 | Lair:3   | Noticed Prince Ribbit
 13260 | Lair:3   | Killed Prince Ribbit
 13342 | Lair:3   | Found a staircase to the Shoals.
 14714 | Lair:5   | Found a viscous altar of Jiyva.
 14738 | Lair:5   | Found a staircase to the Slime Pits.
 15537 | Lair:6   | Entered Level 6 of the Lair of Beasts
 15669 | Lair:6   | Reached XP level 14. HP: 93/108 MP: 20/27
 16910 | Orc:1    | Entered Level 1 of the Orcish Mines
 16942 | D:9      | Learned a level 2 spell: Swiftness
 16946 | D:9      | Learned a level 3 spell: Static Discharge
 17437 | Orc:2    | Entered Level 2 of the Orcish Mines
 17475 | Orc:2    | Found a staircase to the Elven Halls.
 17570 | Orc:2    | Found a roughly hewn altar of Beogh.
 17589 | Orc:2    | Found Vourph's Weapon Shop.
 17789 | Orc:2    | Found a roughly hewn altar of Beogh.
 17913 | Orc:2    | Noticed Josephine
 17965 | Orc:2    | Killed Josephine
 17986 | Orc:2    | Found a roughly hewn altar of Beogh.
 18010 | Orc:2    | HP: 5/109 [orc warrior/+0 long sword[an orc high priest]
                  | (16)]
 18552 | D:12     | Reached XP level 15. HP: 107/115 MP: 28/28
 19069 | D:13     | Reached skill level 10 in Spellcasting
 19442 | D:13     | Found a gate to the Vaults.
 19512 | D:13     | Identified the +7 great sword of the Eel {freeze, +Inv}
 19644 | D:13     | Found the +3 warlock's mirror {reflect}
 19743 | D:13     | Found the +7 mace of Variability {chain chaos}
 19744 | D:13     | Found a shimmering altar of Xom.
 20187 | Orc:2    | Found a roughly hewn altar of Beogh.
 20245 | Orc:2    | Found a roughly hewn altar of Beogh.
 20421 | Orc:2    | Reached skill level 10 in Fighting
 20421 | Orc:2    | Reached skill level 10 in Short Blades
 20421 | Orc:2    | Reached skill level 10 in Dodging
 20443 | Orc:2    | Found Logigy's Antique Weapon Emporium.
 20444 | Orc:2    | Found a roughly hewn altar of Beogh.
 20450 | Orc:2    | Found Ajustaas's Antique Armour Shoppe.
 20542 | Orc:2    | Found a roughly hewn altar of Beogh.
 20615 | Orc:2    | Found Ejeheo's Antique Weapon Boutique.
 20884 | Orc:2    | Bought a fabulously ornate robe for 125 gold pieces
 20894 | Orc:2    | Identified the +1 robe of Mirth {Dex+2} (You bought it in a
                  | shop on level 2 of the Orcish Mines)
 20912 | Orc:2    | Bought a pitted hunting sling for 156 gold pieces
 20912 | Orc:2    | Identified the +1 hunting sling of Focus {speed, Int+2}
                  | (You bought it in a shop on level 2 of the Orcish Mines)
 20972 | Elf:1    | Entered Level 1 of the Elven Halls
 21115 | Spider:1 | Entered Level 1 of the Spider Nest
 21115 | Spider:1 | Noticed Nikola
 21143 | Spider:1 | Killed Nikola
 21423 | Spider:1 | Reached skill level 10 in Invocations
 22258 | Spider:2 | HP: 3/115 [wolf spider (12)]
 22259 | Spider:2 | Slain by a tarantella

Levels and vault maps discovered:
D:1:      nzn_arrival_water_spiral, layout_basic, grunt_decor_arrowhead,
          item_on_display_a
D:2:      layout_basic, marbit_many_paths, ashenzari_altar_1,
          nicolae_ru_path_of_blood, grunt_temple_overflow_open, uniq_terence
D:3:      minmay_evil_eye, layout_basic, first_ration
D:4:      layout_basic, gammafunk_temple_overflow_elements,
          minmay_temple_entry_glassed_door, gup_sewer_entry_bubbles
D:5:      lemuel_upstairs_altar, layout_basic, kennysheep_little_box,
          serial_shops, nicolae_shop_stone, minivault_27, uniq_blork_the_orc
D:6:      layout_gridville, tso_altar, xom_teletrap_fun, grunt_gozag_statues,
          uniq_grinder
D:7:      minmay_recursive_quarters, layout_cave_pools, trog_ov_bears_minmay
D:8:      layout_basic, lemuel_round_altar, basic_altar, grunt_pizzeria,
          hex_intersection, uniq_grum
D:9:      layout_loops_corners, lair_entry_dummy, orc_0_dummy, serial_shops,
          shop
D:10:     layout_rooms, serial_shops, kennysheep_mini, skrybe_limestone_x,
          uniq_erolcha, uniq_harold
D:11:     layout_layer_cave, hex_tiny, minmay_misc_feat_secret_circle,
          uniq_erica
D:12:     layout_big_octagon
D:13:     minmay_smoke_and_mirrors, layout_loops_ring,
          hangedman_vaults_entry_quadrant_bands,
          minmay_guarded_unrand_variability
D:14:     layout_loops_ring, palyth_stone_intersect, minivault_16,
          minmay_fire_ice_demons
Lair:1:   layout_misc_corridors, serial_bayou_shore_b, grunt_megastairs_5,
          serial_bayou_shore_b
Lair:2:   wad_woods_04, layout_gridlike, portal_ice_cave_demonic_guard,
          lemuel_fruit_tree
Lair:3:   layout_cave_pods, minmay_shoals_entry_lonely_mermaid,
          spider_nest_entry_web_field, infiniplex_staircase_pool_2,
          uniq_prince_ribbit2, uniq_fannar
Lair:4:   layout_cave_pods, serial_bayou_shore_b
Lair:5:   layout_big_grid, slime_altar_1, beast_lair_carwin_8,
          serial_bayou_shore_a, grunt_megastairs_2
Lair:6:   grunt_lair_end_beastmaster, layout_concentric_octagons,
          infiniplex_staircase_pool, grunt_megastairs_4
Spider:1: layout_spider_delve, uniq_nikola
Spider:2: layout_spider_delve
Orc:1:    layout_caves
Orc:2:    grunt_orc_community_town_hall, layout_diamond_mine,
          grunt_orc_community_big_house_2, grunt_orc_community_big_house_2,
          grunt_orc_community_house_2, grunt_orc_community_house_2,
          grunt_orc_community_house_2, grunt_orc_community_house_3,
          grunt_orc_community_house_3, grunt_orc_community_house_3,
          uniq_josephine
Elf:1:    eino_elf_arrival_the_gate, layout_geoelf_grid,
          hangedman_elf_represent, nicolae_twisting_strands, uniq_roxanne

Skill      XL: |  1  2  3  4  5  6  7  8  9 10 11 12 13 14 15 |
---------------+----------------------------------------------+-----
Spellcasting   | 5 5 6 7 8 9 10 | 10.3
Long Blades    | 1 2 3 4 5 6 7 8 9 |  9.3
Axes           | 1 2 3 4 5 6 7 8 9 |  9.3
Maces & Flails | 1 2 3 4 5 6 7 8 9 |  9.3
Polearms       | 1 2 3 4 5 6 7 8 9 |  9.3
Staves         | 1 2 3 4 5 6 7 8 9 |  9.3
Slings         | 1 2 3 4 5 6 7 8 9 |  9.3
Bows           | 1 2 3 4 5 6 7 8 9 |  9.3
Crossbows      | 1 2 3 4 5 6 7 8 9 |  9.3
Throwing       | 1 2 3 4 5 6 7 8 9 |  9.3
Stealth        | 1 0 |  0.0
Shields        | 1 2 3 4 5 6 7 8 9 |  9.3
Unarmed Combat | 1 2 3 4 5 6 7 8 9 |  9.3
Invocations    | 1 2 3 4 5 6 7 8 9 10 | 10.1
Evocations     | 1 2 0 |  0.0
Conjurations   | 1 2 3 4 5 6 7 |  7.8
Hexes          | 1 2 3 4 5 6 7 |  7.8
Summonings     | 1 2 3 4 5 6 7 |  7.8
Necromancy     | 1 2 3 4 5 6 7 |  7.8
Translocations | 1 2 3 4 5 6 7 |  7.8
Transmutations | 1 2 3 4 5 6 7 |  7.8
Fire Magic     | 1 2 3 4 5 6 7 |  7.8
Ice Magic      | 1 2 3 4 5 7 8 9 |  9.4
Air Magic      | 1 2 3 4 5 6 7 |  7.8
Earth Magic    | 1 2 3 4 5 6 7 |  7.8
Poison Magic   | 1 2 3 4 5 6 7 |  7.8
Armour         | 3 4 4 5 6 7 8 9 |  9.6
Fighting       | 5 6 7 8 9 10 | 10.2
Short Blades   | 5 6 7 8 9 10 | 10.2
Dodging        | 5 6 7 8 9 10 | 10.2
Charms         | 6 5 6 7 8 9 |  9.3

Action                   |  1- 3 |  4- 6 |  7- 9 | 10-12 | 13-15 || total
-------------------------+-------+-------+-------+-------+-------++-------
Melee: Short sword       |    55 |       |       |       |       ||    55
       Bite              |    14 |    26 |    57 |    93 |   213 ||   403
       Dagger            |    41 |   329 |   393 |       |       ||   763
       Punch             |       |     1 |     7 |    18 |    36 ||    62
       Whip              |       |       |    53 |   176 |       ||   229
       Hand axe          |       |       |     4 |    37 |    18 ||    59
       Long sword        |       |       |       |   166 |    27 ||   193
       War axe           |       |       |       |   120 |   332 ||   452
       Falchion          |       |       |       |       |   845 ||   845
 Fire: Shortbow          |       |       |       |     4 |       ||     4
Throw: Stone             |     1 |     1 |     3 |     1 |       ||     6
       Throwing net      |       |       |       |     1 |       ||     1
       Boomerang         |       |       |       |     7 |    31 ||    38
       Dart              |       |       |       |       |    23 ||    23
       Javelin           |       |       |       |       |     2 ||     2
 Cast: Shroud of Golubri |     3 |    14 |    34 |    46 |    93 ||   190
       Infusion          |     3 |       |     2 |     8 |     5 ||    18
       Song of Slaying   |     1 |     3 |     7 |     3 |    22 ||    36
       Spectral Weapon   |       |    12 |    31 |    58 |   114 ||   215
       Regeneration      |       |       |    11 |    24 |    35 ||    70
Invok: Sacrifice Stealth |       |     1 |       |       |       ||     1
       Sacrifice Artific |       |       |     1 |       |       ||     1
       Power Leap        |       |       |     4 |     8 |     6 ||    18
       Sacrifice Skill   |       |       |     1 |       |       ||     1
       Draw Out Power    |       |       |     1 |     1 |       ||     2
       Reject Sacrifices |       |       |       |     1 |     2 ||     3
       Sacrifice Purity  |       |       |       |       |     1 ||     1
  Use: Scroll            |       |     4 |     7 |    18 |    13 ||    42
       Potion            |       |       |       |     9 |     4 ||    13
 Stab: Sleeping          |     2 |       |       |       |       ||     2
       Distracted        |       |     1 |     4 |     4 |    24 ||    33
       Paralysed         |       |       |     3 |     4 |     6 ||    13
       Invisible         |       |       |     1 |     9 |    11 ||    21
       Confused          |       |       |     1 |       |       ||     1
       Held in net/web   |       |       |       |     2 |       ||     2
       Petrified         |       |       |       |       |     5 ||     5
       Petrifying        |       |       |       |       |     2 ||     2
  Eat: Chunk             |     1 |     9 |    13 |    18 |    32 ||    73
       Ration            |       |       |       |     1 |     1 ||     2
Armor: Leather armour    |    26 |    74 |    63 |       |       ||   163
       Scale mail        |       |       |    52 |    90 |       ||   142
       Chain mail        |       |       |       |   133 |   442 ||   575
Dodge: Dodged            |    66 |   199 |   307 |   321 |   544 ||  1437
Block: Buckler           |       |       |       |       |   151 ||   151
       Reflection        |       |       |       |       |     7 ||     7
       Other             |       |       |       |       |     4 ||     4
       Rpst.: Long sword |       |       |       |    21 |     3 ||    24
       Falchion          |       |       |       |       |    77 ||    77
